 Dungeon Crawl Stone Soup version bcrawl-1.27.8b (webtiles) character file.

Game seed: 1370527284432820757

100435 LostNumber the Ducker (level 2, -1/20 HPs)
             Began as a Fairy Fighter on Nov 6, 2020.
             Slain by a hound (6 damage)
             ... on level 2 of the Dungeon.
             The game lasted 00:00:42 (799 turns).

LostNumber the Ducker (Fairy Fighter)                Turns: 799, Time: 00:00:43

Health: -1/20      AC:  3    Str: 14    XL:     2   Next: 79%
Magic:  4/4        EV: 11    Int: 11    God:
Gold:   32         SH: 13    Dex: 11    Spells: 1/1 levels left

rFire    . . .     SeeInvis .   a - +0 long sword
rCold    . . .     Gourm    .   b - +0 medium shield
rNeg     . . .     Faith    .   (armour unavailable)
rPois    .         Spirit   .   (no helmet)
rElec    .         Reflect  .   (no cloak)
rCorr    .         Harm     .   (no gloves)
MR       .....                  (no boots)
Stlth    ..........             (no amulet)
HPRegen  0.06/turn              (no ring)
MPRegen  0.09/turn              (no ring)

@: flying evasively
A: small, magic attunement, unstealthy, unfitting armour, able to fly, AC/SH +3
a: Stop Flying


You were on level 2 of the Dungeon.
You were hungry.

You visited 1 branch of the dungeon, and saw 2 of its levels.

You collected 32 gold pieces.

Inventory:

Hand Weapons
 a - a +0 long sword (weapon)
Armour
 b - a +0 medium shield (worn)
Scrolls
 d - 2 scrolls of fear {unknown}
 f - a scroll of immolation {unknown}
 g - a scroll of amnesia {unknown}
 h - 2 scrolls of enchant armour {unknown}
 i - 2 scrolls of identify {@r1}
Potions
 c - a potion of might
 j - a potion of degeneration {unknown}
Comestibles
 e - 3 rations {!d!d}


   Skills:
 + Level 2.9 Fighting
 * Level 2.0 Long Blades
 + Level 4.3 Dodging
 + Level 3.9 Shields


You had one spell level left.
You didn't know any spells.
Your spell library was empty.

Dungeon Overview and Level Annotations

Branches:
Dungeon (2/12)

Altars:


Innate Abilities, Weirdness & Mutations

Your spells do not cause hunger and MP costs are reduced by 1.
Your bright wings attract enemies. (Stealth-)
You cannot fit into any form of body armour.
Your shimmering scales are hard and can block incoming attacks. (AC +3, SH +3)
You are small and have problems with some larger weapons.
You can fly continuously.


Message History

You hit the hobgoblin.
You kill the hobgoblin!
No target in view!
Found a ration.
e - 2 rations {!d!d} (gained 1)
There is an open door here.
There is an open door here.
You reach down and open the door.
There is an open door here.
There is an open door here.
Partly explored, can't reach some items.
Partly explored, can't reach some items.
Partly explored, can't reach some items.
Partly explored, can't reach some items.
There is an open door here.
There is a stone staircase leading down here.
You fly downwards.
Found 2 scrolls labeled SIZXAM CUHITT.
There is a stone staircase leading up here.
d - 2 scrolls labeled SIZXAM CUHITT
There is a stone staircase leading up here.
Found a sapphire potion.
The quokka falls through a shaft!
The shaft crumbles and collapses.
Found a ration.
j - a sapphire potion A goblin is nearby!
A goblin is nearby!
You hit the goblin.
You kill the goblin!
No target in view!
e - 3 rations {!d!d} (gained 1)
A hound and a kobold come into view.
The kobold shouts!
The hound barks!
Found 147 stones.
There are monsters nearby!
There are monsters nearby!
Found a scroll labeled XIM LAREHI.
The hound barely misses you.
You barely miss the hound. You block the hound's attack. The hound bites you.
You closely miss the hound. The hound closely misses you.
The hound bites you but does no damage.
You completely miss the hound. The hound bites you. x2
* * * LOW HITPOINT WARNING * * *
Your shield prevents you from hitting the hound.
The hound bites you.
* * * LOW HITPOINT WARNING * * *
You hit the hound but do no damage. The hound barely misses you.
You block the hound's attack.
You closely miss the hound. You block the hound's attack. The hound bites you.
You die...

#.##
#?.
(..
#..
#.#
#K#
#h#
#@#
#.#
#.#
#.#
#.#
#.#.#
#.#.#
#.#.#
##.#.#


You could see a hound and a kobold.

Vanquished Creatures
  A dart slug (D:1)
  2 leopard geckos (D:1)
  A ball python (D:1)
  2 goblins
  2 hobgoblins (D:1)
  3 jackals (D:1)
  A kobold (D:1)
  A bat (D:1)
  A rat (D:1)
14 creatures vanquished.

Notes
Turn   | Place    | Note
-------+----------+-------------------------------------------
     0 | D:1      | LostNumber the Fairy Fighter began the quest for the Orb.
     0 | D:1      | Reached XP level 1. HP: 15/15 MP: 3/3
   178 | D:1      | Reached XP level 2. HP: 20/20 MP: 4/4
   799 | D:2      | Slain by a hound

Skill      XL: |  1  2 |
---------------+-------+-----
Long Blades    | 2 |  2.0
Fighting       | |  2.9
Dodging        | |  4.3
Shields        | |  3.9

Action                   || total
-------------------------++-------
Melee: Long sword        ||    56
Armor: Skin              ||     7
Dodge: Dodged            ||    22
Block: Medium shield     ||    40
